 Dungeon Crawl Stone Soup version 0.29.1-1-gd02db6906a (webtiles) character file.

Game seed: 5736056729581617419

198 sanboga the Chopper (level 5, -4/47 HPs)
             Began as a Minotaur Monk on Oct 1, 2022.
             Slain by a gnoll
             ... wielding a +0 flail
              (5 damage)
             ... on level 3 of the Dungeon.
             The game lasted 00:03:18 (3106 turns).

sanboga the Chopper (Minotaur Monk)                 Turns: 3106, Time: 00:03:19

Health: -4/47      AC:  9    Str: 17    XL:     5   Next: 47%
Magic:  4/4        EV:  8    Int:  7    God:
Gold:   146        SH:  0    Dex: 13    Spells: 4/4 levels left

rFire   . . .      SeeInvis .   a - +0 hand axe
rCold   . . .      Faith    .   (no shield)
rNeg    . . .      Spirit   .   n - +0 chain mail
rPois   .          Reflect  .   (helmet restricted)
rElec   .          Harm     .   (no cloak)
rCorr   .          Rampage  .   (no gloves)
Will    .....                   (no boots)
Stlth   ..........              (no amulet)
HPRegen 0.15/turn               (no ring)
MPRegen 0.09/turn               (no ring)

@: attractive
A: horns 2, retaliatory headbutt
a: no special abilities


You were on level 3 of the Dungeon.
You visited 1 branch of the dungeon, and saw 3 of its levels.

You collected 146 gold pieces.

Inventory:

Hand Weapons
 a - a +0 hand axe (weapon)
Armour
 n - a +0 chain mail (worn)
Scrolls
 b - a scroll of fog {unknown}
 e - 3 scrolls of enchant weapon {unknown}
 g - a scroll of fear {unknown}
 h - a scroll of poison {unknown}
 i - a scroll of brand weapon {unknown}
 k - a scroll of enchant armour {unknown}
 l - a scroll of identify {unknown}
Potions
 f - a potion of curing {unknown}
 j - 2 potions of berserk rage {unknown}
 m - a potion of attraction


   Skills:
 + Level 4.9 Fighting
 * Level 5.9 Axes
 + Level 2.9 Armour
 - Level 3.2 Dodging
 - Level 1.5 Stealth


You had 4 spell levels left.
You didn't know any spells.
Your spell library contained the following spells:

 Spells                   Type           Power      Damage    Failure   Level
 Ensorcelled Hibernation  Hex/Ice        0%         N/A       100%        2
 Passwall                 Tmut/Erth      0%         N/A       100%        2
 Swiftness                Air            0%         N/A       100%        3


Dungeon Overview and Level Annotations

Branches:
Dungeon (3/15)

Altars:


Innate Abilities, Weirdness & Mutations

You have a pair of horns on your head.
You reflexively headbutt those who attack you in melee.


Message History

You see here a +0 short sword. 3 gnolls come into view.
The gnoll shouts! x2
An endoplasm comes into view.
The endoplasm quivers.
A gnoll comes into view. It is wielding a +0 whip.
The endoplasm moves out of view.
You are confused.
You feel invigorated.
The gnoll shouts!
The gnoll hits you but does no damage. x2
The gnoll hits you from afar with a +0 spear. x2
You barely miss the gnoll.
The gnoll hits you from afar with a +0 spear.
The gnoll hits you but does no damage. x2
You miss the gnoll. The gnoll closely misses you.
The gnoll hits you with a +0 flail.
The gnoll hits you from afar with a +0 spear.
You miss the gnoll.
The gnoll hits you from afar with a +0 spear.
The gnoll closely misses you. The gnoll hits you but does no damage.
You completely miss the gnoll. Your headbutt misses the gnoll.
You feel less invigorated.
You feel less confused. The gnoll hits you with a +0 flail.
The gnoll completely misses you.
The gnoll hits you from afar with a +0 spear!
You barely miss the gnoll.
You headbutt the gnoll, but do no damage.
You hit the gnoll but do no damage. The gnoll closely misses you.
The gnoll hits you but does no damage. The gnoll barely misses you. x2
The gnoll attacks as you move away! The gnoll hits you with a +0 flail!
* * * LOW HITPOINT WARNING * * *
As you read the scroll labelled MAAGUKKOQA, it crumbles to dust.
It is a scroll of amnesia.
You feel forgetful for a moment. The gnoll hits you with a +0 flail!
* * * LOW HITPOINT WARNING * * *
It was a potion of attraction.
You feel attractive to monsters. The gnoll hits you with a +0 flail.
You die...

.≈... ..#.##.#.#
≈≈≈≈.##.#.##)#.####
.≈....#.#.........#
.....g.....#.#.##>#
......#.#.##.#.##.######
##...##.#..............#
#...gJ.###..####.####.#
#...##g###..###...###.#
....
#..g@.......#....... .#.
#.#...###.#...###.### #
#....## ##.#.####.##.
####.# #...........
##.## #.####.#.##.
##...###.#####.#.##)
##.###............##.
#.## #.#######.###.. #.#
#.# #<# #..


You could see 3 gnolls and an endoplasm.

Vanquished Creatures
  A centaur (D:3)
  3 adders (D:2)
  4 worms
  A dart slug (D:2)
  An orc (D:3)
  4 bats
  7 endoplasms (D:1)
  7 giant cockroaches
  6 hobgoblins
  9 jackals (D:1)
  3 quokkas
  10 ball pythons
  4 frilled lizards (D:1)
  4 goblins
  3 kobolds
  7 rats (D:1)
74 creatures vanquished.

Vanquished Creatures (others)
  2 plants (D:1)
2 creatures vanquished.

Grand Total: 76 creatures vanquished

Notes
Turn   | Place    | Note
-------+----------+-------------------------------------------
     0 | D:1      | sanboga the Minotaur Monk began the quest for the Orb.
     0 | D:1      | Reached XP level 1. HP: 19/19 MP: 0/0
     1 | D:1      | Found a runed translucent door.
   170 | D:1      | Reached skill level 4 in Axes
   173 | D:1      | Reached XP level 2. HP: 11/27 MP: 1/1
   203 | D:1      | Found a faded altar of an unknown god.
   214 | D:1      | Reached skill level 1 in Armour
   908 | D:1      | Reached XP level 3. HP: 24/33 MP: 2/2
  1731 | D:2      | Reached skill level 5 in Axes
  1738 | D:2      | Reached XP level 4. HP: 22/41 MP: 3/3
  3045 | D:3      | Noticed a centaur
  3076 | D:3      | Killed a centaur
  3077 | D:3      | Reached XP level 5. HP: 20/47 MP: 4/4
  3104 | D:3      | HP: 1/47 [gnoll/+0 flail (8)]
  3106 | D:3      | Slain by a gnoll

Illustrated notes

Levels and vault maps discovered:
D:1:      dpeg_arrival_caged_fury, layout_loops_ring,
          dilly_ecumenical_altar_fadedgnrine, chequers_arboretum,
          nicolae_wormholes
D:2:      layout_loops_ring, chequers_serial_rivers_small_a,
          chequers_serial_rivers_micro_d, st_stairs_8
D:3:      layout_loops_ring, grunt_qazlal_clouds, hangedman_ru_absence,
          nicolae_dithmenos_the_darkroom, uniq_terence

Skill      XL: |  1  2  3 |
---------------+----------+-----
Axes           | 4 5 |  5.9
Armour         | 1 2 |  2.9
Fighting       | 4 |  4.9
Dodging        | |  3.2
Stealth        | |  1.5

Action                   |  1- 3 |  4- 6 || total
-------------------------+-------+-------++-------
Melee: Hand axe          |   117 |    44 ||   161
       Headbutt          |    19 |     8 ||    27
       Punch             |     2 |       ||     2
  Use: Potion            |       |     2 ||     2
       Scroll            |       |     1 ||     1
 Stab: Sleeping          |     4 |     4 ||     8
Armor: Robe              |    34 |       ||    34
       Chain mail        |       |    16 ||    16
Dodge: Dodged            |    74 |    25 ||    99
